 Dungeon Crawl Stone Soup version 0.17.0-28-g6e173f8 (webtiles) character file.

45026 Medar the Spry (level 13, -2/61 HPs)
             Began as a Felid Artificer on Nov 22, 2015.
             Was the Champion of Nemelex Xobeh.
             Slain by an anaconda (10 damage)
             ... on level 1 of the Snake Pit.
             The game lasted 02:41:45 (49251 turns).

Medar the Spry (Felid Artificer)                   Turns: 49251, Time: 02:41:46

Health: -2/61      AC:  3    Str:  7    XL:     13   Next: 99%
Magic:  23/23      EV: 32    Int: 16    God:    Nemelex Xobeh [******]
Gold:   1711       SH:  0    Dex: 21    Spells: 3 memorised, 9 levels left
                                        Lives:  0   Deaths: 3

rFire  + . .     SeeInvis +       - Unarmed
rCold  + . .     Clarity  .     (armour unavailable)
rNeg   + . .     SustAt   .     (shield unavailable)
rPois  +         Gourm    .     (helmet unavailable)
rElec  .         Spirit   .     (cloak unavailable)
rCorr  .         Warding  +     (gloves unavailable)
rMut   .         Stasis   .     (boots unavailable)
MR     +....                    J - amulet of warding
Stlth  ++++++++..               t - ring of protection from fire
                                g - ring of poison resistance

@: constricted, quick, somewhat resistant to hostile enchantments,
extraordinarily stealthy
A: no armour, no weapons or thrown items, claws 1, fangs 3, see invisible,
carnivore 3, speed 1, shaggy fur 3, slow metabolism 1, sharp paws
a: Triple Draw, Deal Four, Stack Five, Renounce Religion


You were on level 1 of the Snake Pit.
You worshipped Nemelex Xobeh.
Nemelex Xobeh was exalted by your worship.
You were not hungry.

You visited 6 branches of the dungeon, and saw 30 of its levels.
You also visited: Labyrinth and Ice Cave.

You collected 3429 gold pieces.
You spent 1712 gold pieces at shops.

Inventory:

Jewellery
 g - a ring of poison resistance (left paw)
 t - a ring of protection from fire (right paw)
 A - an uncursed ring of wizardry
 J - an amulet of warding (around neck)
 Q - an uncursed amulet of resist mutation
Wands
 b - a wand of enslavement (6)
 l - a wand of enslavement (14)
 x - a wand of slowing (19)
 H - a wand of frost (33)
 I - a wand of teleportation (1)
 L - a wand of polymorph (5)
 N - a wand of disintegration (7)
 V - a wand of invisibility (1)
 W - a wand of lightning (10)
 X - a wand of lightning (5)
 Y - a wand of confusion (12)
Scrolls
 c - 2 scrolls of recharging
 k - 4 scrolls of magic mapping {@r3}
 m - 18 scrolls of remove curse {@r1}
 p - 8 scrolls of identify {@r2}
 v - 3 scrolls of teleportation
 D - 2 scrolls of blinking
 G - 3 scrolls of fog
 U - 2 scrolls of silence {!r}
Potions
 h - 5 potions of curing {@q1}
 o - 6 potions of might
 r - a potion of cancellation
 u - 4 potions of agility
 w - 2 potions of heal wounds
 z - 3 potions of magic
 C - 5 potions of haste
 E - 2 potions of resistance
 M - 2 potions of ambrosia
 O - 4 potions of flight
 P - 2 potions of brilliance
 R - a potion of invisibility
 S - a potion of berserk rage {!q}
Books
 i - an Akashic Record

   Spells                             Type                      Level
   a - Dispersal                      Translocation                6
   b - Malign Gateway                 Summoning/Translocation      7
   c - Disjunction                    Translocation                8
   d - Controlled Blink               Translocation                8
 q - a book of the Earth

   Spells                             Type                      Level
   a - Leda's Liquefaction            Hexes/Earth                  4
   b - Bolt of Magma                  Conjuration/Fire/Earth       5
   c - Statue Form                    Transmutation/Earth          6
   d - Iron Shot                      Conjuration/Earth            6
   e - Shatter                        Earth                        9
Miscellaneous
 a - a plain deck of escape {drawn: 1}
 e - a plain deck of escape {drawn: 1}
 f - a legendary deck of war {the Elixir, left: 4}
 j - an ornate deck of escape {the Tomb, left: 5}
 y - a legendary deck of war {the Potion, left: 3}
 F - an ornate deck of escape {drawn: 6}
 K - a legendary deck of destruction {Venom, left: 4}
 T - an ornate deck of escape
Comestibles
 d - 10 meat rations {@e2}
 n - 12 beef jerkies
 B - a slice of pizza


   Skills:
 - Level 10.0 Fighting
 - Level 17.6 Dodging
 - Level 15.1 Stealth
 - Level 15.7 Unarmed Combat
 - Level 3.0 Spellcasting
 + Level 9.1 Transmutations
 + Level 7.6 Earth Magic
 - Level 12.0 Evocations


You had 9 spell levels left.
You knew the following spells:

 Your Spells              Type           Power        Failure   Level  Hunger
b - Statue Form           Trmt/Erth      ####.....    87%         6    #######
o - Apportation           Tloc           #.........   21%         1    #......
q - Stoneskin             Trmt/Erth      ####....     1%          2    ##.....


Dungeon Overview and Level Annotations

Branches:
Dungeon (15/15)            Temple (1/1) D:5            Lair (8/8) D:9
  Swamp (1/4) Lair:3        Snake (1/4) Lair:5        Slime (0/6) Lair:7
    Orc (4/4) D:11            Elf (0/3) Orc:3        Vaults (0/5) D:14
 Depths (0/5) D:15

Altars:
Ashenzari
Cheibriados
Dithmenos
Elyvilon
Fedhas
Gozag
Kikubaaqudgha
Makhleb
Nemelex Xobeh
Okawaru
Qazlal
Ru
Sif Muna
Trog
Vehumet
Xom
Yredelemnul
Zin
The Shining One

Shops:
D:4 %   D:6 :   D:9 !   D:13 *   D:14 *   Orc:3 (   Orc:4 =}*(   Snake:1 [%=[}

Annotations:
D:2 Terence
Orc:2 Maud


Innate Abilities, Weirdness & Mutations

You cannot wear armour.
You are incapable of wielding weapons or throwing items.
You have sharp claws.
You have razor-sharp teeth.
You have supernaturally acute eyesight.
You are carnivorous and can eat meat at any time.
You cover ground quickly.
Your thick and shaggy fur keeps you warm (AC +3, rC+).
You have a slow metabolism.
Your sharp claws are effective at attacking unaware monsters.


Message History

The anaconda misses you. The anaconda constricts you.
Your attempt to break free from the anaconda fails, but you feel that another attempt might succeed.
The anaconda barely misses you. The anaconda constricts you.
The anaconda completely misses you. The anaconda constricts you.
Your attempt to break free from the anaconda fails, but you feel that another attempt might succeed.
The anaconda closely misses you. The anaconda constricts you.
You escape the anaconda's grasp.
The anaconda closely misses you. The anaconda completely misses you.
There is a staircase back to the Lair here.
Evoke which item? (* to show all) (? for menu, Esc to quit)
You draw a card...
It is the Rangers.
The deck of cards glows with a rainbow of weird colours and disappears.
The anaconda grabs you. The anaconda misses you. The anaconda constricts you.
The anaconda bites you!
* * * LOW HITPOINT WARNING * * *
x2 The anaconda constricts you.
Your attempt to break free from the anaconda fails, but you feel that another attempt might succeed.
The anaconda bites you!
You die...
Your body disappears without a glow.

########### #......[!.#
#.........# #.........# #######
#####.....## ......#
##########.###..# .......
.....cN@Sc[...#.######## #######
##########...(.......... #
#.####.........
###################.###..##......
..........................#......
###################%#####.###.###
###.....## #.#####.....# #
##.....∩.# #..##......## #
........## #####.#..###..##


You could see an anaconda, a friendly naga sharpshooter and 2 friendly centaur
warriors.

Vanquished Creatures
  The ghost of WereVolvo the Bludgeoner, a journeyman OgBe of Trog (Lair:4)
  Azrael (D:13)
  A salamander stormcaller (D:12)
  A fire dragon (D:15)
  A minotaur (Lab)
  9 hydras
  A naga warrior (Snake:1)
  2 centaur warriors
  A satyr (Lair:4)
  2 tengu warriors
  A thrashing horror (Lair:5)
  A naga sharpshooter (Snake:1)
  Urug (Orc:1)
  A shock serpent (Snake:1)
  2 orc high priests (Orc:4)
  The ghost of dxctxrx the Covert, a journeyman VSAs of Dithmenos (D:11)
  Sonja (D:13)
  A skeletal warrior (D:15)
  2 unseen horrors
  Pikel (D:4)
  2 orc knights
  8 hill giants
  A deep elf conjurer (Orc:3)
  A necromancer (D:15)
  A wolf spider zombie (D:15)
  A phantasmal warrior (D:15)
  3 cyclopes
  12 ugly things
  4 hornets
  3 griffons
  A guardian serpent (Lair:8)
  3 orc sorcerers (Orc:4)
  An oklob plant (Lair:3)
  2 mana vipers (Snake:1)
  A manticore (D:13)
  A guardian serpent (shapeshifter) (D:13)
  A water nymph (shapeshifter) (D:14)
  A naga mage (Snake:1)
  A salamander (Snake:1)
  11 elephants
  Joseph (D:7)
  17 black mambas
  2 torpor snails
  15 spiny frogs
  3 gargoyles
  A kobold demonologist (D:12)
  10 komodo dragons
  A guardian mummy (D:15)
  A wolf spider simulacrum (D:14)
  3 fire drakes
  2 elf skeletons (D:15)
  A giant leech (D:15)
  2 freezing wraiths (D:15)
  A wandering mushroom (Lair:3)
  3 polar bears
  4 slime creatures (D:14)
  4 trolls
  Grinder (D:3)
  25 blink frogs
  A two-headed ogre (D:13)
  A boulder beetle (D:12)
  An ice dragon zombie (D:15)
  2 shadows
  Sigmund (D:6)
  8 wyverns
  A hog (D:7)
  A vampire (D:14)
  7 basilisks
  6 wraiths
  26 yaks
  A human (D:7)
  A fire dragon skeleton (D:15)
  A hungry ghost (D:15)
  Grum (D:11)
  3 fire elementals (D:13)
  10 hippogriffs
  A steam dragon (D:12)
  37 water moccasins
  11 wolves
  A small abomination (Lair:3)
  A warg (Orc:2)
  4 nagas
  2 phantoms (D:5)
  2 hell hounds (D:13)
  2 slaves (D:4)
  3 spiders (Lair:8)
  21 orc warriors
  12 ice beasts
  A necrophage (D:14)
  A black bear (D:13)
  8 porcupines
  4 wasps
  5 centaurs
  2 sky beasts
  8 ogres
  24 crocodiles
  9 boggarts
  25 giant frogs
  A big kobold (D:14)
  A gnoll sergeant (D:12)
  A wyvern skeleton (D:11)
  2 scorpions (D:12)
  13 wights
  15 killer bees
  6 crimson imps
  A centaur zombie (D:9)
  2 giant frog zombies
  7 jellies
  29 orc wizards
  2 quasits
  13 iguanas
  16 orc priests
  5 centaur skeletons
  12 hounds
  A giant frog skeleton (D:9)
  18 worker ants
  10 sheep
  2 mummies
  A worker ant zombie (D:5)
  Robin (D:2)
  11 gnolls
  94 river rats
  17 adders
  2 shadow imps
  A giant eyeball (Lair:1)
  6 oozes
  An adder skeleton (D:5)
  3 worms
  5 giant geckos
  174 orcs
  9 bats
  14 goblins
  14 hobgoblins
  3 jackals (D:3)
  10 kobolds
  5 quokkas
  8 giant cockroaches
  A giant gecko skeleton (D:8)
  7 giant newts
  2 hobgoblin zombies (D:7)
  2 kobold zombies (D:7)
  6 rats
  3 fungi
  6 plants
1007 creatures vanquished.

Vanquished Creatures (collateral kills)
  An azure jelly (D:15)
  Nessos (Lair:8)
  Snorg (Lair:5)
  2 hydras
  An orc high priest (Orc:4)
  3 hill giants
  2 orc knights (Orc:4)
  A harpy (D:14)
  A wolf spider (Lair:8)
  6 ugly things (D:14)
  2 elephants
  A black mamba (Lair:8)
  2 ice statues (IceCv)
  A troll (Orc:2)
  2 blink frogs (Lair:3)
  A slime creature (D:14)
  A deep elf mage (D:9)
  10 yaks
  2 hippogriffs
  4 wolves
  4 nagas (Lair:5)
  2 water moccasins (Lair:8)
  2 orc warriors
  A crocodile (Lair:4)
  4 killer bees
  2 wights
  A giant frog zombie (D:6)
  5 orcs
  A bat (D:3)
  A giant cockroach (D:3)
  2 fungi (Lair:1)
  A plant (Lair:2)
71 creatures vanquished.

Vanquished Creatures (others)
  2 spiny frogs (Lair:3)
  2 wolves (Lair:8)
  A porcupine (Lair:7)
  A boggart (D:14)
  A giant frog (Lair:7)
  2 killer bees (D:11)
  An orc wizard (Orc:4)
  A worker ant (D:13)
  8 orcs
  A goblin (D:2)
  A bush (Lair:3)
  40 fungi
  63 plants
124 creatures vanquished.

Grand Total: 1202 creatures vanquished

Notes
Turn   | Place    | Note
--------------------------------------------------------------
     0 | D:1      | Medar the Felid Artificer began the quest for the Orb.
     0 | D:1      | Reached XP level 1. HP: 9/9 MP: 4/4
   196 | D:1      | Reached XP level 2. HP: 12/12 MP: 5/5
   843 | D:1      | Reached XP level 3. HP: 15/15 MP: 6/6
  1947 | D:2      | Reached XP level 4. HP: 7/19 MP: 7/7
  2473 | D:3      | Noticed Terence
  2474 | D:3      | Noticed Robin
  2485 | D:2      | Reached skill level 4 in Stealth
  3685 | D:2      | Killed Robin
  3685 | D:2      | Reached skill level 5 in Stealth
  3746 | D:3      | Found an ancient bone altar of Kikubaaqudgha.
  3882 | D:3      | Noticed Grinder
  3882 | D:3      | Paralysed by Grinder for 6 turns
  3916 | D:3      | Paralysed by Grinder for 7 turns
  3940 | D:4      | Noticed a slave
  3952 | D:5      | Entered Level 5 of the Dungeon
  4203 | D:5      | Found a shattered altar of Ashenzari.
  4264 | D:5      | Reached XP level 5. HP: 15/22 MP: 8/8
  4515 | D:5      | Noticed a phantom
  4647 | D:6      | Noticed a centaur
  4715 | D:5      | Gained mutation: You are covered in thick fur (AC +2). [Felid growth]
  4715 | D:5      | Reached XP level 6. HP: 4/25 MP: 9/9
  5148 | D:4      | Noticed Edmund
  5187 | D:4      | Noticed Edmund
  5187 | D:4      | Edmund changed into Edmund the centaur
  5190 | D:4      | Killed Edmund the centaur
  5190 | D:4      | Reached skill level 5 in Unarmed Combat
  5296 | D:5      | Noticed a phantom
  5297 | D:5      | Noticed a sky beast
  5428 | D:5      | Found a staircase to the Ecumenical Temple.
  5443 | Temple   | Entered the Ecumenical Temple
  5677 | D:6      | Noticed Sigmund
  5681 | D:6      | Killed Sigmund
  5681 | D:6      | Reached skill level 6 in Unarmed Combat
  5681 | D:6      | Reached XP level 7. HP: 28/28 MP: 10/10
  5939 | D:6      | Found a shimmering altar of Xom.
  6022 | D:6      | Found Karphops's Book Shop.
  6090 | D:6      | Killed a centaur
  6090 | D:6      | Reached skill level 5 in Dodging
  6364 | D:6      | Reached skill level 7 in Unarmed Combat
  6532 | D:6      | Found an iron altar of Okawaru.
  6533 | D:6      | Found a bloodstained altar of Trog.
  6590 | D:7      | Reached XP level 8. HP: 32/32 MP: 11/11
  6610 | D:7      | Found a radiant altar of Vehumet.
  6811 | D:7      | Found a sparkling altar of Nemelex Xobeh.
  6820 | D:7      | Became a worshipper of Nemelex Xobeh the Trickster
  6892 | D:7      | Received a gift from Nemelex Xobeh
  7019 | D:7      | Noticed a hog
  7019 | D:7      | Noticed a human
  7263 | D:7      | Killed a hog
  7263 | D:7      | Reached skill level 5 in Evocations
  7933 | D:7      | Killed a human
  8262 | D:8      | Found a white marble altar of Elyvilon.
  8371 | D:8      | Reached skill level 8 in Unarmed Combat
  8459 | D:8      | Received a gift from Nemelex Xobeh
  8501 | D:8      | Found a stormy altar of Qazlal.
  8637 | D:8      | Reached XP level 9. HP: 39/39 MP: 14/14
  8990 | D:9      | Reached * piety under Nemelex Xobeh
  8997 | D:9      | Found Asiulang's Distillery.
  9010 | D:9      | Bought a potion of might for 48 gold pieces
  9010 | D:9      | Bought a potion of heal wounds for 60 gold pieces
  9010 | D:9      | Bought 2 potions of heal wounds for 120 gold pieces
  9010 | D:9      | Bought a potion of flight for 36 gold pieces
  9010 | D:9      | Bought a potion of berserk rage for 60 gold pieces
  9010 | D:9      | Bought a potion of heal wounds for 60 gold pieces
  9010 | D:9      | Bought a potion of heal wounds for 60 gold pieces
  9010 | D:9      | Bought a potion of might for 48 gold pieces
  9010 | D:9      | Bought a potion of degeneration for 12 gold pieces
  9013 | D:9      | Bought a potion of brilliance for 48 gold pieces
  9013 | D:9      | Found a sparkling altar of Nemelex Xobeh.
  9086 | D:9      | Reached skill level 9 in Stealth
  9169 | D:9      | Found a staircase to the Lair.
  9178 | Lair:1   | Entered Level 1 of the Lair of Beasts
  9494 | Lair:1   | Received a gift from Nemelex Xobeh
  9592 | Lair:2   | Reached skill level 10 in Stealth
  9764 | Lair:2   | Noticed a fire drake
  9773 | Lair:2   | Killed a fire drake
  9773 | Lair:2   | Reached skill level 11 in Stealth
 10154 | Lair:2   | Noticed a fire drake
 10155 | Lair:2   | Noticed a spiny frog
 10333 | Lair:3   | Noticed an oklob plant
 10348 | Lair:3   | Reached skill level 12 in Stealth
 10396 | Lair:4   | Noticed a spiny frog
 10397 | Lair:4   | Killed a spiny frog
 10397 | Lair:4   | Reached skill level 13 in Stealth
 10404 | Lair:4   | Reached XP level 10. HP: 33/42 MP: 15/15
 10574 | Lair:4   | Noticed a spiny frog
 10914 | Lair:3   | Noticed a spiny frog
 10919 | Lair:3   | Killed a spiny frog
 10919 | Lair:3   | Reached skill level 14 in Stealth
 10932 | Lair:3   | Noticed a komodo dragon
 10943 | Lair:3   | Received a gift from Nemelex Xobeh
 10946 | Lair:3   | Reached ** piety under Nemelex Xobeh
 11131 | Lair:3   | Noticed an elephant
 11131 | Lair:3   | Noticed an elephant
 11163 | Lair:3   | Noticed a spiny frog
 11188 | Lair:3   | HP: 2/42 [spiny frog (14)]
 11192 | Lair:3   | a spiny frog (ally) was killed
 11203 | Lair:3   | Killed a komodo dragon
 11203 | Lair:3   | Reached skill level 15 in Stealth
 11580 | Lair:3   | Noticed a seven-headed hydra
 11590 | Lair:3   | Noticed an elephant
 11592 | Lair:3   | Noticed an elephant
 11593 | Lair:3   | Noticed an elephant
 11601 | Lair:3   | Noticed an eight-headed hydra
 11601 | Lair:3   | Noticed a spiny frog
 11719 | Lair:4   | Noticed a four-headed hydra
 11769 | Lair:5   | Noticed an elephant
 12017 | Lair:6   | Noticed an eight-headed hydra
 12053 | Lair:6   | Received a gift from Nemelex Xobeh
 12114 | Lair:6   | Reached *** piety under Nemelex Xobeh
 12128 | Lair:6   | You fall through a shaft for 2 floors!
 12128 | Lair:8   | Entered Level 8 of the Lair of Beasts
 12174 | Lair:8   | Noticed a purple ugly thing
 12545 | Lair:8   | Reached skill level 10 in Unarmed Combat
 12641 | Lair:8   | Noticed a black mamba
 12664 | Lair:8   | Noticed a hornet
 13058 | Lair:7   | Received a gift from Nemelex Xobeh
 13325 | Lair:5   | Reached XP level 11. HP: 46/46 MP: 16/16
 13389 | Lair:5   | Noticed an elephant
 13391 | Lair:5   | Noticed an elephant
 13391 | Lair:5   | Noticed an elephant
 13425 | Lair:5   | Killed an elephant
 13768 | Lair:6   | Noticed a black mamba
 13769 | Lair:6   | Noticed a seven-headed hydra
 13774 | Lair:6   | Killed a black mamba
 13939 | Lair:6   | Identified a scroll of acquirement
 14010 | Lair:6   | Received a gift from Nemelex Xobeh
 14268 | Lair:5   | Killed an elephant
 14283 | Lair:5   | Killed an elephant
 14390 | Lair:5   | Reached **** piety under Nemelex Xobeh
 14391 | Lair:5   | Reached skill level 10 in Dodging
 14393 | Lair:5   | You fall through a shaft!
 14611 | Lair:5   | Noticed Snorg
 14655 | Lair:5   | Killed Snorg
 14681 | Lair:5   | Noticed a seven-headed hydra
 14697 | Lair:5   | Killed a seven-headed hydra
 14704 | Lair:5   | Noticed a black mamba
 14710 | Lair:5   | Killed a black mamba
 14801 | Lair:5   | Found a staircase to the Snake Pit.
 15223 | Lair:5   | Received a gift from Nemelex Xobeh
 15330 | Lair:5   | Killed an elephant
 15330 | Lair:5   | Reached skill level 15 in Dodging
 15879 | Lair:4   | Noticed a four-headed hydra
 16335 | Lair:4   | Noticed an elephant
 16335 | Lair:4   | Noticed an elephant
 16371 | Lair:4   | Gained mutation: You expend magic power (3 MP) to strengthen your wands. [potion of mutation]
 16371 | Lair:4   | Gained mutation: You are frail (-10% HP). [potion of mutation]
 16402 | Lair:4   | Noticed an elephant
 16425 | Lair:4   | Killed an elephant
 16425 | Lair:4   | Reached skill level 16 in Dodging
 16456 | Lair:4   | Noticed an elephant
 16499 | Lair:4   | Killed an elephant
 16502 | Lair:4   | Killed an elephant
 16537 | Lair:4   | Reached skill level 17 in Dodging
 16537 | Lair:4   | Gained mutation: Your thick and shaggy fur keeps you warm (AC +3, rC+). [Felid growth]
 16537 | Lair:4   | Reached XP level 12. HP: 35/44 MP: 18/18
 16555 | Lair:4   | Killed an elephant
 16626 | Lair:4   | a four-headed hydra changed into a satyr
 16853 | Lair:5   | Killed a spiny frog
 17188 | Lair:4   | Killed a four-headed hydra
 17591 | Lair:4   | Noticed WereVolvo's ghost (journeyman OgBe)
 17847 | Lair:2   | Received a gift from Nemelex Xobeh
 17877 | Lair:2   | Noticed a griffon
 18376 | Lair:3   | a spiny frog (ally) was killed
 18627 | Lair:4   | HP: 2/44 [blink frog (16)]
 18976 | Lair:4   | Noticed a green very ugly thing
 18990 | Lair:4   | Mangled by a green very ugly thing
 18991 | Lair:4   | Reached XP level 11. HP: -11/41 MP: 17/17
 19306 | Lair:1   | Noticed a five-headed hydra
 19453 | Lair:1   | Noticed a spiny frog
 19478 | Lair:1   | Killed a spiny frog
 19560 | Lair:1   | Received a gift from Nemelex Xobeh
 19565 | Lair:1   | Reached ***** piety under Nemelex Xobeh
 19954 | Lair:1   | Killed a five-headed hydra
 20255 | Lair:2   | Noticed a komodo dragon
 20259 | Lair:2   | Killed a komodo dragon
 20267 | Lair:2   | Noticed a griffon
 20336 | Lair:2   | Killed a griffon
 20706 | Lair:2   | Killed a fire drake
 20790 | Lair:2   | Received a gift from Nemelex Xobeh
 20847 | Lair:2   | Killed a griffon
 20965 | Lair:2   | Reached XP level 12. HP: 22/44 MP: 18/18
 21270 | Lair:2   | Killed a spiny frog
 21514 | D:9      | Found a burning altar of Makhleb.
 21725 | D:8      | Found a snail-covered altar of Cheibriados.
 21939 | D:7      | Received a gift from Nemelex Xobeh
 21943 | D:7      | Identified Sif Muna's Grimoire of Companions
 21963 | D:7      | Noticed Joseph
 21981 | D:7      | Killed Joseph
 22582 | D:5      | Killed a phantom
 22615 | D:5      | Killed a sky beast
 22627 | D:5      | Killed a phantom
 22773 | D:4      | Noticed Pikel
 22773 | D:4      | Noticed a slave
 22777 | D:4      | Noticed a slave
 22777 | D:4      | Noticed a slave
 22778 | D:4      | Killed a slave
 22779 | D:4      | Noticed an orc warrior
 22780 | D:4      | Killed a slave
 22798 | D:4      | Killed Pikel
 22848 | D:3      | Killed Grinder
 22957 | D:4      | Killed an orc warrior
 22991 | D:4      | Found a shadowy altar of Dithmenos.
 23033 | D:4      | Found a deep blue altar of Sif Muna.
 23036 | D:4      | Received a gift from Nemelex Xobeh
 23097 | D:4      | Found Yjemoysial's Food Shoppe.
 23194 | D:4      | Found a glowing golden altar of the Shining One.
 23690 | D:10     | Entered Level 10 of the Dungeon
 23857 | D:10     | Received a gift from Nemelex Xobeh
 24098 | D:10     | Received a gift from Nemelex Xobeh
 24175 | D:10     | Lost mutation: You are frail (-10% HP). [potion of cure mutation]
 24175 | D:10     | Lost mutation: You expend magic power (3 MP) to strengthen your wands. [potion of cure mutation]
 24494 | D:11     | Noticed Grum
 24498 | D:11     | Noticed dxctxrx's ghost (journeyman VSAs)
 24514 | D:11     | Killed Grum
 24814 | D:11     | Noticed a six-headed hydra
 24830 | D:11     | Killed a six-headed hydra
 24863 | D:11     | Reached skill level 5 in Fighting
 25141 | D:11     | Reached ****** piety under Nemelex Xobeh
 25141 | D:11     | Received a gift from Nemelex Xobeh
 25699 | D:11     | Received a gift from Nemelex Xobeh
 25964 | D:11     | Found a staircase to the Orcish Mines.
 26198 | D:11     | Killed dxctxrx's ghost
 26610 | Orc:1    | Entered Level 1 of the Orcish Mines
 26615 | Orc:1    | Received a gift from Nemelex Xobeh
 26629 | Orc:1    | Noticed Urug
 26954 | D:11     | Upgraded the game from 0.17.0-27-g4a3f43e to 0.17.0-28-g6e173f8
 26973 | Orc:1    | Killed Urug
 27974 | Orc:3    | Found a staircase to the Elven Halls.
 28105 | Orc:2    | Received a gift from Nemelex Xobeh
 28288 | Orc:4    | Entered Level 4 of the Orcish Mines
 28502 | Orc:4    | Reached XP level 13. HP: 57/57 MP: 19/19
 28596 | Orc:2    | Noticed Maud
 29371 | Orc:3    | Found Jibrogeq's Antique Weapon Emporium.
 29387 | Orc:3    | Received a gift from Nemelex Xobeh
 29948 | Orc:4    | Received a gift from Nemelex Xobeh
 30292 | Orc:4    | Received a gift from Nemelex Xobeh
 31191 | Orc:4    | Reached skill level 10 in Fighting
 31310 | Orc:4    | Found Ereusuk's Jewellery Shoppe.
 31310 | Orc:4    | Found Riosup's Gadget Boutique.
 31369 | Orc:4    | Found Otacuxt's General Store.
 31369 | Orc:4    | Found Biulimm's Weapon Boutique.
 31375 | Orc:4    | Bought an uncursed amulet of warding for 210 gold pieces
 31377 | Orc:4    | Bought an uncursed ring of protection from fire for 350 gold pieces
 31388 | Orc:4    | Bought a wand of teleportation (1) for 210 gold pieces
 31706 | D:12     | Noticed a salamander stormcaller
 31709 | D:12     | Killed a salamander stormcaller
 31964 | D:12     | Received a gift from Nemelex Xobeh
 32347 | D:13     | Noticed Josephine
 32491 | D:12     | Noticed Josephine
 32491 | D:12     | Josephine changed into Josephine the boulder beetle
 32515 | D:12     | Killed Josephine the boulder beetle
 32800 | D:13     | Found Rrphiw's Retail Resort.
 33056 | D:13     | Reached skill level 10 in Evocations
 33139 | D:13     | Received a gift from Nemelex Xobeh
 33298 | D:13     | Noticed Sonja
 33313 | D:13     | Noticed Azrael
 33978 | D:13     | Killed Azrael
 34139 | D:13     | Reached XP level 14. HP: 66/66 MP: 23/23
 34142 | D:13     | Killed Sonja
 34815 | D:14     | Received a gift from Nemelex Xobeh
 35992 | D:14     | Found Vafaegan's Assorted Antiques.
 36022 | D:14     | Received a gift from Nemelex Xobeh
 36103 | D:14     | Reached skill level 15 in Unarmed Combat
 36653 | D:14     | Found a gate to the Vaults.
 37324 | D:15     | Entered Level 15 of the Dungeon
 37338 | D:15     | Found a labyrinth entrance.
 37343 | Lab      | Entered a labyrinth
 37601 | Lab      | Identified the Catalogue of Unholy Transformation
 37934 | D:15     | Noticed an azure jelly
 37947 | D:15     | Killed an azure jelly
 37954 | D:15     | Found a frozen archway.
 38013 | IceCv    | Entered an ice cave
 38303 | D:15     | Learned a level 2 spell: Stoneskin
 38358 | D:15     | Received a gift from Nemelex Xobeh
 38486 | D:15     | Reached skill level 1 in Spellcasting
 38486 | D:15     | Reached skill level 1 in Transmutations
 38486 | D:15     | Reached skill level 1 in Earth Magic
 38804 | D:15     | Found a staircase to the Depths.
 40538 | Lair:3   | You fall through a shaft for 2 floors!
 40777 | Lair:6   | Found a runed door.
 40808 | Lair:6   | Received a gift from Nemelex Xobeh
 41020 | Lair:6   | Noticed a six-headed hydra
 41092 | Lair:6   | Killed a six-headed hydra
 41135 | Lair:6   | Learned a level 6 spell: Statue Form
 41138 | Lair:6   | Learned a level 1 spell: Apportation
 41177 | Lair:6   | Killed a seven-headed hydra
 41436 | Lair:7   | Noticed a black mamba
 41437 | Lair:7   | Reached XP level 15. HP: 69/69 MP: 25/25
 41445 | Lair:7   | Killed a black mamba
 41496 | Lair:7   | Found a staircase to the Slime Pits.
 41498 | Lair:7   | Received a gift from Nemelex Xobeh
 41911 | Lair:7   | Noticed a seven-headed hydra
 41949 | Lair:7   | Killed a seven-headed hydra
 42582 | Lair:8   | Reached skill level 5 in Transmutations
 42699 | Lair:8   | Killed a hornet
 42801 | Lair:8   | Killed a black mamba
 42906 | Lair:8   | Noticed a black mamba
 42917 | Lair:8   | Killed a black mamba
 43063 | Lair:8   | Noticed Nessos
 43235 | Lair:8   | Received a gift from Nemelex Xobeh
 43481 | Lair:8   | Reached skill level 5 in Earth Magic
 43483 | Lair:8   | Noticed a hornet
 43484 | Lair:8   | Noticed a wolf spider
 43485 | Lair:8   | Noticed a guardian serpent
 43487 | Lair:8   | Noticed a hornet
 43488 | Lair:8   | Noticed a hornet
 43488 | Lair:8   | Noticed a black mamba
 43490 | Lair:8   | Noticed a black mamba
 43990 | Lair:8   | Noticed Waetiz the pandemonium lord
 43991 | Lair:8   | Killed a wolf spider
 43997 | Lair:8   | Killed a black mamba
 44010 | Lair:8   | Shot with a poisoned arrow by Nessos
 44011 | Lair:8   | Reached XP level 14. HP: -2/66 MP: 24/24
 44014 | Lair:8   | Killed a black mamba
 44016 | Lair:8   | Killed a hornet
 44020 | Lair:8   | Killed Nessos
 44156 | Lair:8   | Killed a guardian serpent
 44168 | Lair:8   | Killed a hornet
 44362 | Lair:8   | Noticed a black mamba
 44373 | Lair:8   | Killed a black mamba
 44979 | Lair:6   | Killed an eight-headed hydra
 45336 | Lair:4   | Killed WereVolvo's ghost
 45953 | Lair:3   | Killed an eight-headed hydra
 45967 | Lair:3   | Killed a seven-headed hydra
 46030 | Lair:3   | Killed an elephant
 46660 | Lair:3   | Received a gift from Nemelex Xobeh
 46720 | Lair:3   | Killed an elephant
 46730 | Lair:3   | Killed an elephant
 46897 | Lair:3   | Killed an elephant
 47053 | Lair:3   | Noticed a five-headed hydra
 47054 | Lair:3   | Killed a five-headed hydra
 47089 | Lair:3   | Found a staircase to the Swamp.
 47100 | Lair:3   | Noticed an oklob plant
 47107 | Lair:3   | Killed an oklob plant
 47331 | Lair:3   | an oklob plant changed into a shambling mangrove
 47576 | Swamp:1  | Entered Level 1 of the Swamp
 47647 | Lair:3   | Killed an elephant
 47690 | Snake:1  | Entered Level 1 of the Snake Pit
 48128 | Snake:1  | Found Cunwir's Antique Armour Shoppe.
 48279 | Snake:1  | Found Cipt's Food Shop.
 48287 | Snake:1  | Found Ovvy's Antique Armour Emporium.
 48348 | Snake:1  | Found Ogibidyo's Jewellery Shoppe.
 48351 | Snake:1  | Bought an uncursed ring of wizardry for 390 gold pieces
 48456 | Snake:1  | Found Reots's Gadget Boutique.
 48845 | Snake:1  | Slain by a shock serpent
 48846 | Snake:1  | Reached XP level 13. HP: -3/61 MP: 23/23
 49032 | Snake:1  | HP: 2/61 [shock serpent/bolt of electricity (8)]
 49251 | Snake:1  | Slain by an anaconda

Action                   |  1- 3 |  4- 6 |  7- 9 | 10-12 | 13-15 || total
-------------------------+-------+-------+-------+-------+-------++-------
Melee: Unarmed           |   118 |   137 |   225 |  1355 |  1958 ||  3793
 Cast: Stoneskin         |       |       |       |       |     4 ||     4
Invok: Stack Five        |       |       |       |     1 |     4 ||     5
 Abil: Evoke Teleportati |       |       |       |     3 |       ||     3
Evoke: Wand              |     4 |    22 |    16 |    45 |    12 ||    99
       Deck              |       |       |    10 |    73 |   110 ||   193
  Use: Scroll            |       |       |       |    33 |    13 ||    46
       Potion            |       |       |       |     9 |    10 ||    19
 Stab: Sleeping          |     9 |    13 |    18 |    67 |    59 ||   166
       Distracted        |       |     1 |     3 |    22 |    24 ||    50
       Confused          |       |       |     1 |     3 |     2 ||     6
       Paralysed         |       |       |       |     1 |       ||     1
  Eat: Chunk             |     9 |     7 |     9 |    43 |    44 ||   112
